 Dungeon Crawl Stone Soup version 0.29.1-13-g9f3cf754e1 (webtiles) character file.

Game seed: 14897094048667599266

152385 sanboga the Warrior (level 17, -2/137 (163) HPs)
             Began as a Minotaur Berserker on Feb 3, 2023.
             Was the Champion of Trog.
             Slain by Donald
             ... wielding a +5 eveningstar of draining
              (25 damage)
             ... on level 2 of the Lair of Beasts.
             The game lasted 00:31:08 (24957 turns).

sanboga the Warrior (Minotaur Berserker)           Turns: 24957, Time: 00:31:09

HP:   -2/137 (163)  AC: 27    Str: 33    XL:     17   Next: 2%
MP:   16/16         EV: 13    Int:  4    God:    Trog [******]
Gold: 1950          SH: 19    Dex: 12    Spells: 16/16 levels left

rFire   + + .      SeeInvis +   a - +8 broad axe (flame)
rCold   + + +      Faith    .   z - +0 kite shield
rNeg    . . .      Spirit   .   s - +2 plate armour {rC+}
rPois   .          Reflect  +   F - +1 hat
rElec   +          Harm     .   D - scarf {rC+ rF+}
rCorr   .          Rampage  .   C - +0 pair of gloves
Will    ++...                   c - +1 pair of boots
Stlth   ..........              p - amulet of reflection
HPRegen 0.32/turn               M - ring of Hezeviqa {Will+ EV+4 Str+3 Slay+5}
MPRegen 0.15/turn               L - ring "Liungua" {rElec rF+ rC+ Str+2}

@: studying Staves, heavily drained, very slow
A: horns 2, retaliatory headbutt, iridescent scales 1, see invisible
a: Renounce Religion, Berserk, Trog's Hand, Brothers in Arms


You were on level 2 of the Lair of Beasts.
You worshipped Trog.
Trog was exalted by your worship.
You visited 4 branches of the dungeon, and saw 23 of its levels.
You also visited: Sewer.

You collected 2520 gold pieces.
You spent 570 gold pieces at shops.

Inventory:

Hand Weapons
 a - a +8 broad axe of flaming (weapon)
 J - a +4 spectral broad axe
Armour
 c - a +1 pair of boots (worn)
 s - a +2 plate armour of cold resistance (worn)
 z - a +0 kite shield (worn)
 C - a +0 pair of gloves (worn)
 D - a scarf of resistance (worn)
 F - a +1 hat (worn)
Jewellery
 p - an amulet of reflection (around neck)
 v - a ring of fire
 L - the ring "Liungua" (right hand) {rElec rF+ rC+ Str+2}
   (You found it on level 5 of the Lair of Beasts)

   [ring of protection from cold]

   Str:       It affects your strength (+2).
   rF:        It protects you from fire.
   rC:        It protects you from cold.
   rElec:     It insulates you from electricity.
 M - the ring of Hezeviqa (left hand) {Will+ EV+4 Str+3 Slay+5}
   (You found it on level 15 of the Dungeon)

   [ring of evasion]

   EV:        It affects your evasion (+4).
   Str:       It affects your strength (+3).
   Slay:      It affects your accuracy & damage with ranged weapons and melee
   (+5).
   Will:      It increases your willpower.
Wands
 f - a wand of digging (1)
 t - a wand of roots (17)
 w - a wand of polymorph (7)
 A - a wand of quicksilver (8)
 G - a wand of flame (46)
 H - a wand of paralysis (14)
 K - a wand of mindburst (11)
Scrolls
 d - 7 scrolls of blinking
 k - 5 scrolls of magic mapping
 l - 3 scrolls of summoning
 r - 7 scrolls of teleportation
 u - 7 scrolls of fear
 x - 2 scrolls of enchant armour
 y - 8 scrolls of identify
 N - a scroll of brand weapon
Potions
 b - 2 potions of resistance
 e - 4 potions of might
 h - 5 potions of mutation
 i - 7 potions of curing
 j - 6 potions of cancellation
 m - 6 potions of haste
 o - 3 potions of flight
 q - 6 potions of heal wounds
 I - a potion of ambrosia


   Skills:
 + Level 18.1 Fighting
 - Level 18.0 Axes
 + Level 18.0 Armour
 - Level 2.1 Dodging
 + Level 17.6 Shields


You had 16 spell levels left.
You didn't know any spells.
Your spell library was empty.

Dungeon Overview and Level Annotations

Branches:
Dungeon (15/15)            Temple (0/1) D:4            Lair (5/5) D:8
  Swamp (1/4) Lair:2        Snake (0/4) Lair:2        Slime (0/5) Lair:4
    Orc (2/2) D:9             Elf (0/3) Orc:2        Vaults (0/5) D:14
 Depths (0/4) D:15          Sewer (visited)

Altars:
Ashenzari
Dithmenos
Elyvilon
Fedhas
Gozag
Hepliaklqana
Kikubaaqudgha
Okawaru
Qazlal
Ru
Sif Muna
Uskayaw
Vehumet
Wu Jian
Xom
Zin
The Shining One

Shops:
D:5 !   D:9 ?   Orc:2 :[(*

Portals:
Trove: D:13 (give 2 scrolls of acquirement)

Annotations:
Lair:2 Donald


Innate Abilities, Weirdness & Mutations

You have a pair of horns on your head.
You reflexively headbutt those who attack you in melee.
You are partially covered in iridescent scales. (AC +2)
You have supernaturally acute eyesight. (SInv)


Message History

The bunyip claws you but does no damage. x2
You closely miss the bunyip. Your headbutt misses the bunyip.
The bunyip is severely wounded.
Donald says, "They wouldn't let me join their adventuring club without the Orb."
The spriggan rider barely misses you. You block the spriggan rider's attack.
Donald closely misses you. You furiously retaliate!
You headbutt Donald!
You climb upwards.
Welcome back to the Lair of Beasts!
There is a staircase to the Swamp here.
You slice the bunyip!! You burn the bunyip.
You kill the bunyip!
Trog accepts your kill. Donald blocks your attack. You block Donald's attack.
You slice Donald!! You burn Donald!
Donald is heavily wounded.
Donald hits you with a +5 eveningstar of draining!
You feel drained.
You barely miss Donald.
Donald is heavily wounded.
Donald gestures wildly while chanting.
Donald seems to speed up.
Donald blocks your attack.
Your headbutt misses Donald.
Donald is heavily wounded.
Donald completely misses you. You furiously retaliate!
You headbutt Donald! You slice Donald!! You burn Donald.
Donald blocks your attack.
Donald is almost dead.
You block Donald's attack. Donald blocks your attack.
You headbutt Donald!
Donald is almost dead.
You block Donald's attack.
You enter the shallow water.
Moving in this stuff is going to be slow.
Donald hits you with a +5 eveningstar of draining!!
You feel drained. Donald attacks as you move away!
Donald hits you with a +5 eveningstar of draining!!!
You feel drained.
* * * LOW HITPOINT WARNING * * *
Donald hits you with a +5 eveningstar of draining!!
You die...

......## #...####
......P###...#
....[........#
.......#....##
...PP.......♣
.>#...#.....♣♣♣♣♣
#....####..♣♣≈≈§♣♣
.....#..#..♣≈§§§~♣♣##
.#....#....♣§§§@@...#
.#......#..♣♣§§§♣♣.##
.P.........♣♣♣§♣♣♣..##
.....#......♣♣♣♣ ♣#..#
............P♣♣♣ #.####
...##..........####....###
.......#.................#
#.#.........#...######...#
#.##...P..P.##...####....#
###


You could see Donald (fast, strong).

Vanquished Creatures
  Kirke (D:15)
  Gastronok (D:8)
  A fire giant (D:15)
  An orc warlord (Orc:2)
  2 stone giants (D:15)
  A bunyip (Lair:2)
  The ghost of Jingleheimer the Spear-Bearer, a journeyman DsFi of Qazlal (Lair:5)
  2 ettins
  2 fire dragons (D:15)
  Josephine (D:11)
  2 great orbs of eyes (D:15)
  8 vault guards
  8 hydras
  Fannar (Lair:1)
  4 catoblepae
  A rakshasa (D:15)
  4 boulder beetles
  A ghost crab (Swamp:1)
  9 centaur warriors
  A death knight (D:15)
  Erica (Lair:2)
  5 two-headed ogres
  6 death yaks (Lair:5)
  2 tengu warriors (D:13)
  Urug (Orc:1)
  6 orc high priests
  Sonja (D:11)
  6 skeletal warriors (D:15)
  Amaemon (Lair:3)
  5 orc knights
  2 flayed ghosts (D:15)
  3 wizards
  The ghost of hbarley the Cleaver, a novice HOFi (D:6)
  A harpy (shapeshifter) (D:14)
  A deep elf pyromancer (D:15)
  A wolf spider (D:15)
  10 ugly things
  5 orc sorcerers
  A deep elf zephyrmancer (D:15)
  11 manticores
  6 cyclopes
  A torpor snail (Lair:4)
  3 gargoyles
  3 black mambas
  A cane toad (shapeshifter) (D:15)
  15 cane toads
  An orange demon (Lair:3)
  The ghost of FexLirch the Cudgeller, a novice FoAK of Lugonu (D:5)
  A kobold demonologist (D:12)
  A rime drake (shapeshifter) (D:14)
  2 rime drakes
  3 efreet
  4 tengu conjurers
  7 komodo dragons
  3 freezing wraiths
  A yaktaur (D:15)
  4 polar bears
  A meliai (D:15)
  4 trolls
  A wind drake (shapeshifter) (D:15)
  5 slime creatures
  A queen bee (shapeshifter) (D:15)
  A wolf spider simulacrum (D:14)
  10 blink frogs (Lair:5)
  7 dream sheep (Lair:5)
  A centaur simulacrum (D:15)
  A vampire (D:13)
  A shadow (D:8)
  66 yaks
  6 wraiths
  4 wyverns
  A human (D:15)
  2 basilisks
  A fire bat (D:12)
  9 vampire mosquitoes
  5 steam dragons
  A redback simulacrum (D:14)
  Menkaure (D:4)
  A warg (shapeshifter) (D:15)
  2 swamp worms (Lair:2)
  2 wargs (Orc:1)
  A naga (Lair:2)
  An acid dragon (D:14)
  A floating eye (shapeshifter) (D:15)
  13 water moccasins
  24 orc warriors
  4 black bears
  2 floating eyes (D:15)
  An ice beast (D:7)
  5 sky beasts
  12 ogres
  9 wolves (Lair:3)
  11 centaurs
  3 phantoms
  5 kobold brigands
  6 gnoll sergeants
  2 necrophages (D:4)
  9 bullfrogs
  2 scorpions
  7 wights
  3 killer bees (D:8)
  2 howler monkeys (D:8)
  3 electric eels
  10 hounds
  11 orc priests
  2 jellies
  Crazy Yiuf (D:5)
  2 gnoll boudas
  16 orc wizards
  2 iguanas (D:5)
  10 hell rats (Lair:3)
  Robin (D:3)
  21 gnolls
  7 adders
  2 river rats (D:4)
  5 shadow imps
  2 white imps (D:5)
  3 ufetubi (D:5)
  4 worms
  3 dart slugs
  69 orcs
  6 ball pythons
  5 bat skeletons (D:5)
  13 endoplasms
  3 giant cockroaches
  13 goblins
  15 hobgoblins
  6 jackals
  34 kobolds
  5 quokkas
  5 bats
  15 rats
730 creatures vanquished.

Vanquished Creatures (others)
  A bloated husk (Swamp:1)
  5 humans (D:15)
  A vampire mosquito (D:8)
  An orc (D:8)
  15 fungi
  20 plants
43 creatures vanquished.

Grand Total: 773 creatures vanquished

Notes
Turn   | Place    | Note
-------+----------+-------------------------------------------
     0 | D:1      | sanboga the Minotaur Berserker began the quest for the Orb.
     0 | D:1      | Reached XP level 1. HP: 19/19 MP: 0/0
   124 | D:1      | Reached XP level 2. HP: 20/27 MP: 1/1
   751 | D:2      | Reached XP level 3. HP: 33/33 MP: 2/2
   751 | D:2      | Reached ** piety under Trog
   785 | D:2      | Found a sacrificial altar of Ru.
   946 | D:2      | Found a faded altar of an unknown god.
  1264 | D:2      | You fall into a shaft and drop 1 floor!
  1724 | D:2      | Reached skill level 5 in Axes
  1724 | D:2      | Reached XP level 4. HP: 40/40 MP: 3/3
  1964 | D:3      | Noticed Robin
  2099 | D:3      | Killed Robin
  2395 | D:3      | Found an opulent altar of Gozag.
  2743 | D:3      | Found a hazy altar of Hepliaklqana.
  2744 | D:3      | Found a shimmering altar of Xom.
  2745 | D:3      | Noticed a spectral ugly thing
  3120 | D:3      | Identified a scroll of acquirement
  3120 | D:3      | Acquired a +3 broad axe of venom
  3155 | D:4      | Noticed a necrophage
  3160 | D:4      | Noticed Menkaure
  3164 | D:4      | Killed Menkaure
  3165 | D:4      | Reached skill level 5 in Fighting
  3165 | D:4      | Reached XP level 5. HP: 21/48 MP: 4/4
  3440 | D:4      | Reached *** piety under Trog
  3506 | D:4      | Reached XP level 6. HP: 48/56 MP: 5/5
  3510 | D:4      | Identified the ring of Bepn {*Corrode rC+ Will+ EV+4 Str+4}
  3591 | D:4      | Found a glowing drain.
  3599 | Sewer    | Entered a sewer
  4076 | Sewer    | Gained mutation: You have hidden genetic potential. [potion
                  | of mutation]
  4202 | D:4      | Found a blossoming altar of Fedhas.
  4246 | D:4      | Found a staircase to the Ecumenical Temple.
  4361 | D:4      | Reached **** piety under Trog
  4362 | D:4      | Reached XP level 7. HP: 59/62 MP: 6/6
  4453 | D:4      | Reached skill level 5 in Armour
  4728 | D:5      | Entered Level 5 of the Dungeon
  4746 | D:5      | Found Fawiff's Distillery.
  4756 | D:5      | Gained mutation: You are partially covered in iridescent
                  | scales. (AC +2) [hidden potential]
  4758 | D:5      | Bought a potion of flight for 36 gold pieces
  4758 | D:5      | Bought a potion of heal wounds for 60 gold pieces
  4758 | D:5      | Bought a potion of heal wounds for 60 gold pieces
  4758 | D:5      | Bought a potion of mutation for 96 gold pieces
  4946 | D:5      | Found a runed translucent door.
  4946 | D:5      | Noticed FexLirch's ghost (novice FoAK)
  5146 | D:5      | Found an ancient bone altar of Kikubaaqudgha.
  5332 | D:5      | Reached XP level 8. HP: 68/71 MP: 7/7
  5431 | D:5      | Found a runed translucent door.
  5432 | D:5      | Noticed Crazy Yiuf
  5441 | D:5      | Killed Crazy Yiuf
  5663 | D:5      | Killed FexLirch's ghost
  5677 | D:5      | Gained mutation: You have supernaturally acute eyesight.
                  | (SInv) [hidden potential]
  5677 | D:5      | Lost mutation: You have hidden genetic potential. [hidden
                  | potential expressed]
  5776 | D:6      | Reached skill level 10 in Axes
  5883 | D:6      | Found a radiant altar of Vehumet.
  6258 | D:6      | Reached XP level 9. HP: 55/81 MP: 8/8
  6401 | D:6      | Reached ***** piety under Trog
  6539 | D:6      | Noticed hbarley's ghost (novice HOFi)
  6559 | D:6      | Found a transporter.
  6561 | D:6      | Found a transporter.
  6563 | D:6      | Received a gift from Trog
  6997 | D:6      | Reached skill level 1 in Shields
  7815 | D:6      | Killed hbarley's ghost
  8817 | D:7      | Reached XP level 10. HP: 91/91 MP: 9/9
  9007 | D:7      | Found a shadowy altar of Dithmenos.
  9008 | D:7      | Found a hide-covered altar of Uskayaw.
  9009 | D:7      | Found a sacrificial altar of Ru.
  9009 | D:7      | Found a white marble altar of Elyvilon.
  9666 | D:8      | Found a glowing silver altar of Zin.
  9668 | D:8      | Found a shimmering blue altar of Sif Muna.
  9668 | D:8      | Found a shimmering blue altar of Sif Muna.
  9668 | D:8      | Found a blossoming altar of Fedhas.
  9685 | D:8      | Identified the +1 war axe of Spite {vorpal, rF- rCorr
                  | Str+7}
  9714 | D:8      | Reached skill level 5 in Shields
  9786 | D:8      | Identified the +5 quick blade "Killer Klown's Curse"
                  | {vorpal, +Blink Will+ Dex+2 SInv}
  9843 | D:8      | Noticed a gargoyle
  9848 | D:8      | Killed a gargoyle
  9947 | D:8      | Reached skill level 10 in Fighting
 10006 | D:8      | Noticed a two-headed ogre
 10014 | D:8      | Killed a two-headed ogre
 10159 | D:8      | Noticed a cyclops
 10162 | D:8      | Noticed a catoblepas
 10165 | D:8      | Killed a cyclops
 10166 | D:8      | Reached skill level 10 in Armour
 10166 | D:8      | Reached XP level 11. HP: 90/101 MP: 10/10
 10176 | D:8      | Killed a catoblepas
 10566 | D:8      | Noticed Gastronok
 10575 | D:8      | Killed Gastronok
 10584 | D:8      | Noticed a boulder beetle
 10589 | D:8      | Killed a boulder beetle
 10670 | D:8      | Found a staircase to the Lair.
 10863 | D:9      | Reached skill level 15 in Axes
 11051 | D:9      | Noticed a two-headed ogre
 11056 | D:9      | Killed a two-headed ogre
 11060 | D:9      | Noticed a two-headed ogre
 11071 | D:9      | Killed a two-headed ogre
 11370 | D:9      | Found Addaw's Magic Scroll Boutique.
 11380 | D:9      | Bought a scroll of torment for 123 gold pieces
 11380 | D:9      | Bought 2 scrolls of magic mapping for 195 gold pieces
 11575 | D:9      | Identified the +5 war axe of the Wraith {antimagic, rPois
                  | Str+3} (Trog gifted it to you on level 9 of the Dungeon)
 11575 | D:9      | Received a gift from Trog
 11597 | D:9      | Found a staircase to the Orcish Mines.
 11872 | D:10     | Entered Level 10 of the Dungeon
 11922 | D:10     | Identified the +8 dagger "Uzysent" {antimagic, *Noise rF++
                  | rN+ Dex+4}
 12057 | D:10     | Found an ornate altar of the Wu Jian Council.
 12190 | D:10     | Found a glowing silver altar of Zin.
 12193 | D:10     | Found an iron altar of Okawaru.
 12297 | D:11     | Noticed Josephine
 12308 | D:11     | Killed Josephine
 12309 | D:11     | Reached XP level 12. HP: 56/109 MP: 11/11
 12958 | D:11     | Noticed Sonja
 12973 | D:11     | Killed Sonja
 13331 | D:11     | Noticed a two-headed ogre
 13338 | D:11     | Killed a two-headed ogre
 13516 | D:12     | Noticed a four-headed hydra
 13524 | D:12     | Killed a one-headed hydra
 13672 | D:12     | Noticed a two-headed ogre
 13682 | D:12     | Killed a two-headed ogre
 14338 | D:12     | Noticed Erolcha
 14339 | D:12     | Noticed Erolcha
 14339 | D:12     | Erolcha changed into Erolcha the fire bat
 14344 | D:12     | Killed Erolcha the fire bat
 14476 | D:13     | Noticed a tengu warrior
 14476 | D:13     | Noticed a tengu warrior
 14493 | D:13     | Killed a tengu warrior
 14496 | D:13     | Killed a tengu warrior
 14600 | D:13     | Noticed an eight-headed hydra
 14607 | D:13     | Killed a four-headed hydra
 14675 | D:13     | Noticed a six-headed hydra
 14686 | D:13     | Killed a two-headed hydra
 14787 | D:13     | Reached skill level 10 in Shields
 14824 | D:13     | Reached XP level 13. HP: 106/119 MP: 12/12
 15026 | D:13     | Found a portal to a secret trove of treasure.
 15634 | D:14     | Found a stormy altar of Qazlal.
 15665 | D:14     | Identified the +1 long sword of Fate {antimagic, rN+ Str+2}
 15895 | D:14     | Found a gate to the Vaults.
 16588 | D:14     | Found a broken altar of Ashenzari.
 16724 | D:15     | Entered Level 15 of the Dungeon
 16810 | D:15     | Found the +1 cloak of Starlight {*Dazzle EV+4 Stlth--}
 16810 | D:15     | Noticed a fire giant
 16819 | D:15     | Killed a fire giant
 16885 | D:15     | Received a gift from Trog
 16894 | D:15     | Identified the ring of Hezeviqa {Will+ EV+4 Str+3 Slay+5}
 17027 | D:15     | Noticed an ettin
 17031 | D:15     | Killed an ettin
 17216 | D:15     | Noticed a fire dragon
 17226 | D:15     | Killed a fire dragon
 17229 | D:15     | Reached XP level 14. HP: 133/133 MP: 13/13
 17340 | D:15     | Noticed Kirke
 17347 | D:15     | Killed Kirke
 17353 | D:15     | Identified the ring "Uroufu Xyle" {rF+ Str+6 Dex+2}
 17366 | D:15     | Noticed a stone giant
 17367 | D:15     | Found a staircase to the Depths.
 17373 | D:15     | Killed a stone giant
 17443 | D:15     | Reached skill level 15 in Fighting
 17661 | D:15     | Found a glowing silver altar of Zin.
 17661 | D:15     | Found a transporter.
 17667 | D:15     | Reached skill level 15 in Armour
 17671 | D:15     | Paralysed by a floating eye for 2 turns
 17869 | D:15     | Found a glowing golden altar of the Shining One.
 17897 | D:15     | Found a transporter.
 18064 | D:15     | Identified the ring of Uriwipp {Wiz rElec rN+ Int+2 Stlth-}
 18075 | D:15     | Noticed a stone giant
 18079 | D:15     | Killed a stone giant
 18293 | D:15     | Found a hazy altar of Hepliaklqana.
 18314 | D:15     | Reached ****** piety under Trog
 18911 | Lair:1   | Entered Level 1 of the Lair of Beasts
 19230 | Lair:1   | Received a gift from Trog
 19416 | Lair:1   | Noticed Fannar
 19430 | Lair:1   | Killed Fannar
 19431 | Lair:1   | Reached XP level 15. HP: 131/144 MP: 14/14
 20041 | Lair:2   | Found a staircase to the Snake Pit.
 20229 | Lair:2   | Noticed Erica
 20237 | Lair:2   | Killed Erica
 20365 | Lair:2   | Found a staircase to the Swamp.
 20395 | Lair:2   | You fall into a shaft and drop 2 floors!
 20395 | Lair:4   | Found a staircase to the Slime Pits.
 20874 | Lair:3   | Reached skill level 15 in Shields
 21422 | Lair:3   | Noticed Amaemon
 21430 | Lair:3   | Killed Amaemon
 22286 | Lair:4   | Reached XP level 16. HP: 155/155 MP: 15/15
 22334 | Lair:5   | Entered Level 5 of the Lair of Beasts
 22456 | Lair:5   | Received a gift from Trog
 22798 | Lair:5   | Identified the ring "Quvepell" {Fly Int+2}
 23184 | Lair:5   | Found a runed translucent door.
 23185 | Lair:5   | Noticed Jingleheimer's ghost (journeyman DsFi)
 23213 | Lair:5   | Killed Jingleheimer's ghost
 23216 | Lair:5   | Identified the ring "Liungua" {rElec rF+ rC+ Str+2}
 23708 | Orc:1    | Entered Level 1 of the Orcish Mines
 23868 | Orc:2    | Entered Level 2 of the Orcish Mines
 23875 | Orc:2    | Found Qulotsio's Antique Weapon Emporium.
 23952 | Orc:1    | Noticed Urug
 23961 | Orc:1    | Killed Urug
 24087 | Orc:1    | Received a gift from Trog
 24269 | Orc:2    | Found a staircase to the Elven Halls.
 24270 | Orc:2    | Found Vuxoecy's General Store.
 24443 | Orc:2    | Found Giravo's Book Shoppe.
 24463 | Orc:2    | Reached XP level 17. HP: 141/163 MP: 16/16
 24564 | Orc:2    | Found Fula's Antique Armour Shoppe.
 24935 | Swamp:1  | Entered Level 1 of the Swamp
 24942 | Swamp:1  | Noticed Donald
 24957 | Lair:2   | Slain by Donald

Illustrated notes

Levels and vault maps discovered:
D:1:      heliophobic_arrival_henge, layout_loops_ring
D:2:      layout_loops_ring, basic_altar, nicolae_ecumenical_lake_church,
          serial_forest, infiniplex_forest_straight_1,
          infiniplex_forest_clump_small, infiniplex_forest_clump_medium,
          infiniplex_forest_clump_medium, infiniplex_forest_straight_2,
          infiniplex_forest_clump_double, infiniplex_forest_pool,
          infiniplex_forest_clump_long, infiniplex_forest_corner_1
D:3:      layout_basic, regret_index_temple_of_mockery,
          mainiacjoe_overflow_tiny_flanked, serial_rivers,
          chequers_serial_rivers_small_a, chequers_serial_rivers_small_a,
          chequers_serial_rivers_small_3, chequers_serial_rivers_small_3,
          uniq_robin
D:4:      layout_loops_ring, overflow_temple_1_default,
          minmay_temple_entry_glass, gup_sewer_entry_bubbles, minmay_quantized,
          uniq_menkaure
D:5:      layout_basic, kennysheep_vampire_church, serial_shops,
          nicolae_square_shop, gammafunk_ghost_grave, serial_demonic,
          serial_demonic_a, serial_demonic_c, serial_demonic_g,
          serial_demonic_a, uniq_crazy_yiuf_cottage
D:6:      layout_basic, fiery_altar_vehumet, gammafunk_ghost_gnarly_gnolls
D:7:      layout_rooms, minitemple, minmay_misc_feat_square,
          minmay_quadrilaterals
D:8:      minmay_the_grid_octo_tiled_squarecenter
          [minmay_the_grid_octo_clover_2, minmay_the_grid_octo_teeth,
          minmay_the_grid_octo_pinwheel, minmay_the_grid_octo_shrine,
          minmay_the_grid_square_5x5_megaprize_diamond,
          minmay_the_grid_square_5x5_plus, minmay_the_grid_square_5x5_six,
          minmay_the_grid_square_5x5_broken_cross,
          minmay_the_grid_square_5x5_v], layout_basic, minmay_three_doors,
          uniq_gastronok
D:9:      layout_long_grid, hiddenorc1_lemuel, serial_shops,
          nicolae_lakefront_shop, nrook_campfire
D:10:     layout_cave_pools, nicolae_overflow_hidden_temple,
          serial_column_ruins, column_ruins_corridor_plus,
          column_ruins_columns_corner, column_ruins_open_medium
D:11:     layout_loops_cross, uniq_josephine, uniq_sonja
D:12:     layout_roguey, uniq_erolcha
D:13:     layout_irregular_city, nicolae_trove_entry_crystal
D:14:     lemuel_ice_spiral_2, layout_rooms, lightli_vaults_fourway_checkpoint,
          grunt_qazlal_clouds, ashenzari_altar_1
D:15:     hangedman_spin_cycle, uniq_kirke
Lair:1:   layout_small_grid, grunt_megastairs_5, serial_bayou_shore_b,
          uniq_fannar
Lair:2:   layout_misc_corridors, minmay_swamp_entry_worms,
          guppyfry_snake_entry_island, minmay_holes, lemuel_fruit_tree,
          uniq_erica
Lair:3:   layout_hall_layers, uniq_amaemon
Lair:4:   layout_regular_city, minmay_slime_entry_pillars,
          infiniplex_staircase_pool_2
Lair:5:   evilmike_catoblepas_cave, layout_gridlike, ebering_ghost_inner_flame,
          st_stairs_5, serial_bayou_shore_a
Swamp:1:  layout_basic_swamp, evilmike_swamp_ruin_house_5, uniq_donald,
          uniq_roxanne
Orc:1:    layout_caves, uniq_urug
Orc:2:    grunt_orc_gardens, layout_diamond_mine, grunt_orc_garden,
          grunt_orc_garden, grunt_orc_garden, grunt_orc_garden

Skill      XL: |  1  2  3  4  5  6  7  8  9 10 11 12 13 14 15 16 |
---------------+-------------------------------------------------+-----
Axes           | 4 5 6 7 8 10 12 14 15 17 18 | 18.0
Fighting       | 4 5 6 7 9 10 11 12 14 16 17 18 | 18.1
Armour         | 3 4 6 7 8 10 11 12 14 16 18 | 18.0
Shields        | 3 6 8 10 12 14 16 17 | 17.6
Dodging        | |  2.1

Action                   |  1- 3 |  4- 6 |  7- 9 | 10-12 | 13-15 | 16-18 || total
-------------------------+-------+-------+-------+-------+-------+-------++-------
Melee: Hand axe          |    70 |       |       |       |       |       ||    70
       Headbutt          |    12 |    17 |    24 |    54 |    99 |    52 ||   258
       War axe           |    17 |    48 |       |       |       |       ||    65
       Punch             |     1 |       |       |       |       |       ||     1
       Broad axe         |       |    84 |   177 |   362 |   492 |   231 ||  1346
Invok: Berserk           |       |       |     1 |     6 |     5 |     1 ||    13
Evoke: Wand              |       |       |       |     3 |       |       ||     3
  Use: Scroll            |       |    19 |     4 |     1 |     9 |       ||    33
       Potion            |       |     2 |       |     1 |     1 |       ||     4
Armor: Scale mail        |    29 |    50 |    41 |     3 |       |       ||   123
       Chain mail        |       |       |       |    19 |       |       ||    19
       Plate armour      |       |       |       |   107 |   110 |    61 ||   278
Dodge: Dodged            |    47 |    91 |   100 |   142 |   142 |    60 ||   582
Block: Other             |       |       |    16 |       |       |       ||    16
       Buckler           |       |       |    40 |   222 |    11 |       ||   273
       Reflection        |       |       |     1 |    17 |    30 |    11 ||    59
       Kite shield       |       |       |       |     7 |   300 |   168 ||   475
